Monarchs vs Ice Dragons
Created - March 14, 2020 at 21:53
Goals
|
Monarchs |
3 |
3 |
2 |
8 |
Ice Dragons |
0 |
1 |
0 |
1 |
|
Shots
|
Monarchs |
16 |
4 |
20 |
40 |
Ice Dragons |
5 |
19 |
14 |
38 |
|
1st period
1. Monarchs , Tim Schaller 32 (Nathan MacKinnon 17, Roman Josi 13) at 0:14
2. Monarchs , Sean Monahan 29 (Oliver Bjorkstrand 11, Aaron Ekblad 24) at 11:55 (PP)
3. Monarchs , Martin Frk 23 (Sean Monahan 36, Mark Pysyk 21) at 17:16
Penalties :
Nathan MacKinnon (MAN) for Hooking (Minor) at 8:16, Logan MacMillan (Kin) for Tripping (Minor) at 11:11
2nd period
4. Monarchs , JT Compher 15 (Sean Monahan 37, Martin Frk 28) at 2:45
5. Monarchs , Tim Schaller 33 (Nathan MacKinnon 18) at 5:13
6. Monarchs , Nicolas Deslauriers 17 (Joel Vermin 3, Griffin Reinhart 30) at 13:47
7. Ice Dragons , Justin Shugg 8 (Billy Sweat 21, Boone Jenner 41) at 15:33 (PP)
Penalties :
Brian Boyle (Kin) for Hooking (Minor) at 5:35, Anthony Mantha (MAN) for Hooking (Minor) at 14:57, Oliver Bjorkstrand (MAN) for Holding Stick (Minor) at 16:57
3rd period
8. Monarchs , Sean Monahan 30 (Morgan Rielly 24, Martin Frk 29) at 4:07
9. Monarchs , Curtis Lazar 11 (Brendan Lemieux 16, Morgan Rielly 25) at 12:16
Penalties :
Brayden McNabb (Kin) for Interference (Minor) at 7:03, Roman Josi (MAN) for Roughing (Minor) at 17:59
Goalie Stats
Jason Missiaen (MAN), 37 saves from 38 shots - (0.974), W, 15-7-1, 60:00 minutes
Oscar Dansk (Kin), 13 saves from 17 shots - (0.765), L, 4-7-0, 22:45 minutes
Harru Sateri (Kin), 19 saves from 23 shots - (0.826), 37:15 minutes
Players Stats for Monarchs
Player Name G A P +/- PIM S H SB GA TA FO MP PP MP PK MP
------------------------------------------------------------------------------------
Aaron Ekblad 0 1 1 1 0 1 2 3 0 2 0/0 22:33 3:14 2:34
Anthony Mantha 0 0 0 2 2 0 3 0 0 0 1/2 19:05 2:29 1:13
Brendan Lemieux 0 1 1 1 0 1 1 0 1 0 1/1 12:54 2:03 0:00
Chase De Leo 0 0 0 1 0 2 0 0 0 0 1/4 5:39 0:00 0:00
Curtis Lazar 1 0 1 1 0 2 0 1 1 1 6/13 11:20 0:00 0:28
Griffin Reinhart 0 1 1 2 0 2 0 0 0 0 0/0 16:30 1:28 0:00
Jeff Petry 0 0 0 0 0 0 1 0 0 1 0/0 7:00 0:00 3:59
Joel Vermin 0 1 1 1 0 1 0 0 0 0 2/5 10:25 0:10 3:41
JT Compher 1 0 1 3 0 5 3 0 2 1 0/1 19:24 2:29 0:25
Mark Pysyk 0 1 1 4 0 0 1 2 1 0 0/0 18:35 0:00 3:59
Martin Frk 1 2 3 3 0 5 1 0 2 0 0/0 17:00 0:10 0:00
Morgan Rielly 0 2 2 4 0 3 1 0 1 1 0/0 15:44 1:28 0:00
Nathan MacKinnon 0 2 2 2 2 2 1 1 1 0 14/23 17:27 2:29 0:00
Nicolas Deslauriers 1 0 1 1 0 2 0 0 0 0 0/1 9:20 0:00 3:41
Oliver Bjorkstrand 0 1 1 1 2 1 1 1 0 0 0/0 13:03 2:03 0:00
Roman Josi 0 1 1 1 2 1 1 1 0 2 0/0 16:44 0:00 0:00
Sean Monahan 2 2 4 3 0 8 0 0 1 0 18/29 19:27 2:03 1:14
Tim Schaller 2 0 2 2 0 4 0 0 0 0 0/0 18:19 0:10 2:24
Tony DeAngelo 0 0 0 2 0 0 0 0 0 0 0/0 17:57 3:14 0:00
Zach Trotman 0 0 0 0 0 0 0 0 0 0 0/0 4:57 0:00 2:34
Players Stats for Ice Dragons
Player Name G A P +/- PIM S H SB GA TA FO MP PP MP PK MP
------------------------------------------------------------------------------------
Adam Clendening 0 0 0 -2 0 1 0 1 1 1 0/0 11:16 0:00 0:07
Alex Plante 0 0 0 -1 0 4 0 0 0 1 0/0 19:59 2:56 1:47
Billy Sweat 0 1 1 0 0 4 1 0 0 0 0/0 18:23 3:02 0:00
Boone Jenner 0 1 1 0 0 7 3 0 0 1 7/15 19:59 3:02 0:41
Brandon Kozun 0 0 0 -6 0 1 3 0 1 1 1/3 18:53 3:31 0:00
Brayden McNabb 0 0 0 -4 2 0 5 0 0 2 0/0 28:29 3:37 1:38
Brian Boyle 0 0 0 -6 2 4 0 0 1 0 17/38 20:35 3:31 1:38
Chris Wagner 0 0 0 -1 0 0 0 1 0 0 0/1 12:36 0:00 0:00
Corban Knight 0 0 0 -1 0 3 5 0 0 1 5/8 15:04 0:00 1:28
Jordan LaVallee 0 0 0 -6 0 5 1 0 1 3 3/7 25:38 3:31 2:50
Justin Shugg 1 0 1 0 0 2 1 0 1 0 0/1 18:20 3:01 0:00
Kevin Connauton 0 0 0 -4 0 2 2 1 2 0 0/0 28:45 3:37 2:48
Logan MacMillan 0 0 0 -1 2 4 0 0 0 0 2/3 12:35 0:00 0:00
Mike Reilly 0 0 0 -1 0 1 0 0 1 0 0/0 20:16 2:56 2:04
Phil Di Giuseppe 0 0 0 0 0 0 1 0 0 0 0/1 4:32 0:00 0:01
Robin Norell 0 0 0 -2 0 0 0 5 0 0 0/0 12:09 0:00 1:00
Sam Carrick 0 0 0 0 0 0 0 0 0 0 0/1 5:48 0:00 1:22
William Carrier 0 0 0 0 0 0 0 0 0 0 1/1 1:58 0:01 1:24
3 Stars
1 - Sean Monahan (MAN)
2 - Martin Frk (MAN)
3 - Jason Missiaen (MAN)
Power Play
Monarchs - 1 on 3 Attempt(s) - 33.33%
Ice Dragons - 1 on 4 Attempt(s) - 25.00%
Penalty Kill
Monarchs - 3 on 4 Attempt(s) - 75.00%
- Score 0 goal in Penalty Kill
Ice Dragons - 2 on 3 Attempt(s) - 66.67%
- Score 0 goal in Penalty Kill
Team Stat
Monarchs - Hits : 16 - Faceoff Wins : 43 - Blocked Shots : 9 - Penalty Minutes : 8
Ice Dragons - Hits : 22 - Faceoff Wins : 36 - Blocked Shots : 8 - Penalty Minutes : 6
Official
Referees : Unknown
Linesman : Unknown
Game Notes
Harru Sateri enters game at 2:45 of 2nd period
Finance
Level 1 -- Attendance: 1386 (69.30%) -- Ticket Income $55,440
Level 2 -- Attendance: 662 (66.20%) -- Ticket Income $13,240
Total Attendance: 2048 (68.27%)
Total Ticket Income: $68,680
Other Income: $3,434
Total Income: $72,114
Monarchs
5 vs 5 Forward
Center Left Wing Right Wing Time % Phy DF OF
1 Nathan MacKinnon Tim Schaller Anthony Mantha 35 1 2 2
2 Sean Monahan JT Compher Martin Frk 35 1 2 2
3 Curtis Lazar Brendan Lemieux Oliver Bjorkstrand 25 1 2 2
4 Chase De Leo Nicolas Deslauriers Joel Vermin 5 1 2 2
5 vs 5 Defense
Defense Defense Time % Phy DF OF
1 Roman Josi Aaron Ekblad 35 1 3 1
2 Mark Pysyk Morgan Rielly 30 0 3 2
3 Tony DeAngelo Griffin Reinhart 30 0 2 3
4 Jeff Petry Zach Trotman 5 0 3 2
PowerPlay Forward
Center Left Wing Right Wing Time % Phy DF OF
1 Nathan MacKinnon JT Compher Anthony Mantha 60 1 0 4
2 Sean Monahan Brendan Lemieux Oliver Bjorkstrand 40 1 0 4
PowerPlay Defense
Defense Defense Time % Phy DF OF
1 Aaron Ekblad Tony DeAngelo 60 0 3 2
2 Griffin Reinhart Morgan Rielly 40 0 3 2
Penalty Kill 4 Players Forward
Center Wing Time % Phy DF OF
1 Joel Vermin Nicolas Deslauriers 60 0 4 1
2 Sean Monahan Tim Schaller 40 0 4 1
Penalty Kill 4 Players Defense
Defense Defense Time % Phy DF OF
1 Jeff Petry Mark Pysyk 60 1 4 0
2 Zach Trotman Aaron Ekblad 40 1 4 0
Penalty Kill - 3 Players Forward
Forward Time % Phy DF OF
1 Sean Monahan 60 1 3 1
2 Tim Schaller 40 1 3 1
Penalty Kill - 3 Players Defense
Defense Defense Time % Phy DF OF
1 Jeff Petry Mark Pysyk 60 1 4 0
2 Aaron Ekblad Zach Trotman 40 1 4 0
4 vs 4 Forward
Center Wing Time % Phy DF OF
1 Nathan MacKinnon Anthony Mantha 60 1 2 2
2 Sean Monahan Oliver Bjorkstrand 40 1 2 2
4 vs 4 Defense
Defense Defense Time % Phy DF OF
1 Aaron Ekblad Mark Pysyk 60 1 2 2
2 Zach Trotman Griffin Reinhart 40 1 2 2
Last Minutes Offensive
Center Left Wing Right Wing Defense Defense
Nathan MacKinnon Tim Schaller Anthony Mantha Aaron Ekblad Morgan Rielly
Last Minutes Defensive
Center Left Wing Right Wing Defense Defense
Sean Monahan Nicolas Deslauriers Anthony Mantha Mark Pysyk Zach Trotman
Goaltenders
Starting : Jason Missiaen
Backup : Eric Comrie
Extra Forwards
Normal : Sean Monahan, Anthony Mantha, Nathan MacKinnon - PP : Tim Schaller, Martin Frk - PK : Anthony Mantha
Extra Defensemen
Normal : Mark Pysyk, Aaron Ekblad, Morgan Rielly - PP : Zach Trotman - PK : Roman Josi, Griffin Reinhart
Penalty Shots
Anthony Mantha, Sean Monahan, JT Compher, Nathan MacKinnon, Oliver Bjorkstrand
Scratches
Cedric Paquette (Sore Left Knee Injury), Michael Latta (Healthy), Mike Hoffman (Healthy), John Draeger (Healthy), Artturi Lehkonen (Healthy)
Michael McCarron (Healthy), Anthony Peluso (Healthy), Gustav Forsling (Healthy), Kaapo Kahkonen (Healthy)
Ice Dragons
5 vs 5 Forward
Center Left Wing Right Wing Time % Phy DF OF
1 Brian Boyle Jordan LaVallee Brandon Kozun 40 1 2 2
2 Boone Jenner Billy Sweat Justin Shugg 30 1 2 2
3 Corban Knight Logan MacMillan Chris Wagner 20 1 2 2
4 Sam Carrick Phil Di Giuseppe Jordan LaVallee 10 1 2 2
5 vs 5 Defense
Defense Defense Time % Phy DF OF
1 Brayden McNabb Kevin Connauton 40 1 2 2
2 Mike Reilly Alex Plante 30 1 2 2
3 Adam Clendening Robin Norell 20 1 2 2
4 Brayden McNabb Kevin Connauton 10 1 2 2
PowerPlay Forward
Center Left Wing Right Wing Time % Phy DF OF
1 Brian Boyle Jordan LaVallee Brandon Kozun 60 1 2 2
2 Boone Jenner Billy Sweat Justin Shugg 40 1 2 2
PowerPlay Defense
Defense Defense Time % Phy DF OF
1 Brayden McNabb Kevin Connauton 60 1 2 2
2 Mike Reilly Alex Plante 40 1 2 2
Penalty Kill 4 Players Forward
Center Wing Time % Phy DF OF
1 Jordan LaVallee Brian Boyle 60 1 4 0
2 Boone Jenner Corban Knight 40 1 4 0
Penalty Kill 4 Players Defense
Defense Defense Time % Phy DF OF
1 Brayden McNabb Kevin Connauton 60 1 4 0
2 Mike Reilly Alex Plante 40 1 4 0
Penalty Kill - 3 Players Forward
Forward Time % Phy DF OF
1 Jordan LaVallee 60 1 4 0
2 Brian Boyle 40 1 4 0
Penalty Kill - 3 Players Defense
Defense Defense Time % Phy DF OF
1 Brayden McNabb Kevin Connauton 60 1 4 0
2 Mike Reilly Alex Plante 40 1 4 0
4 vs 4 Forward
Center Wing Time % Phy DF OF
1 Jordan LaVallee Brian Boyle 60 1 2 2
2 Boone Jenner Corban Knight 40 1 2 2
4 vs 4 Defense
Defense Defense Time % Phy DF OF
1 Brayden McNabb Kevin Connauton 60 1 2 2
2 Mike Reilly Alex Plante 40 1 2 2
Last Minutes Offensive
Center Left Wing Right Wing Defense Defense
Brian Boyle Jordan LaVallee Boone Jenner Brayden McNabb Kevin Connauton
Last Minutes Defensive
Center Left Wing Right Wing Defense Defense
Brian Boyle Jordan LaVallee Logan MacMillan Brayden McNabb Kevin Connauton
Goaltenders
Starting : Oscar Dansk
Backup : Harru Sateri
Extra Forwards
Normal : William Carrier, Logan MacMillan, Sam Carrick - PP : William Carrier, Logan MacMillan - PK : Sam Carrick
Extra Defensemen
Normal : Adam Clendening, Robin Norell, Mike Reilly - PP : Adam Clendening - PK : Robin Norell, Mike Reilly
Penalty Shots
Jordan LaVallee, Brian Boyle, Boone Jenner, Corban Knight, Billy Sweat
Scratches
Thomas Gobeil (Healthy), Theodor Blueger (Healthy), Alex Henriksson (Healthy), Emil Pettersson (Healthy), Cole Ully (Healthy)
Juho Lammikko (Healthy), Samuel Groulx (Right Ankle Injury)
% Time on Ice - Monarchs
Lines # - Real PCT - Wanted PCT - Time Play
Normal Forward
1 - 33% - 35% - 16:05
2 - 33% - 35% - 16:10
3 - 22% - 25% - 10:51
4 - 12% - 5% - 5:39
Normal Defense
1 - 36% - 35% - 17:23
2 - 29% - 30% - 14:17
3 - 30% - 30% - 14:43
4 - 5% - 5% - 2:22
PP Forward
1 - 56% - 60% - 2:39
2 - 44% - 40% - 2:03
PP Defense
1 - 69% - 60% - 3:14
2 - 31% - 40% - 1:28
PK Forward
1 - 81% - 60% - 5:19
2 - 19% - 40% - 1:14
PK Defense
1 - 61% - 60% - 3:59
2 - 39% - 40% - 2:34
PK3 Forward
1 - 0% - 60%
2 - 0% - 40%
PK3 Defense
1 - 0% - 60%
2 - 0% - 40%
44 Forward
1 - 0% - 60%
2 - 0% - 40%
44 Defense
1 - 0% - 60%
2 - 0% - 40%
Last Minute Offensive - 0:00
Last Minute Defensive - 0:00
Total
Forward - 60:00
Defense - 60:00
|
% Time on Ice - Ice Dragons
Lines # - Real PCT - Wanted PCT - Time Play
Normal Forward
1 - 32% - 40% - 15:27
2 - 33% - 30% - 16:16
3 - 26% - 20% - 12:36
4 - 9% - 10% - 4:26
Normal Defense
1 - 42% - 40% - 20:21
2 - 31% - 30% - 15:16
3 - 21% - 20% - 10:14
4 - 6% - 10% - 2:54
PP Forward
1 - 54% - 60% - 3:31
2 - 46% - 40% - 3:02
PP Defense
1 - 55% - 60% - 3:37
2 - 45% - 40% - 2:56
PK Forward
1 - 85% - 60% - 4:01
2 - 15% - 40% - 0:41
PK Defense
1 - 62% - 60% - 2:55
2 - 38% - 40% - 1:47
PK3 Forward
1 - 0% - 60%
2 - 0% - 40%
PK3 Defense
1 - 0% - 60%
2 - 0% - 40%
44 Forward
1 - 0% - 60%
2 - 0% - 40%
44 Defense
1 - 0% - 60%
2 - 0% - 40%
Last Minute Offensive - 0:00
Last Minute Defensive - 0:00
Total
Forward - 60:00
Defense - 60:00
|
Play-by-Play
1st period
0:01 of 1st period - Nathan MacKinnon wins face-off versus Brian Boyle in neutral zone.
0:14 of 1st period - Snap shot by Tim Schaller.
0:14 of 1st period - Goal by Tim Schaller - Monarchs : 1 - Ice Dragons : 0.
0:15 of 1st period - Sean Monahan wins face-off versus Boone Jenner in neutral zone.
0:23 of 1st period - Icing by Justin Shugg.
0:24 of 1st period - Sean Monahan wins face-off versus Boone Jenner in Ice Dragons zone.
0:27 of 1st period - Snap shot by Martin Frk.
0:27 of 1st period - Stopped by Oscar Dansk without a rebound.
0:28 of 1st period - Curtis Lazar wins face-off versus Chris Wagner in Ice Dragons zone.
0:35 of 1st period - Wrist shot by Curtis Lazar.
0:35 of 1st period - Stopped by Oscar Dansk with a rebound.
0:41 of 1st period - Snap shot by Corban Knight.
0:41 of 1st period - Stopped by Jason Missiaen with a rebound.
0:43 of 1st period - Snap shot by Corban Knight.
0:43 of 1st period - Stopped by Jason Missiaen with a rebound.
0:53 of 1st period - Tony DeAngelo is hit by Phil Di Giuseppe and loses puck.
1:02 of 1st period - Slapshot by Kevin Connauton.
1:02 of 1st period - Shot Misses the Net.
1:14 of 1st period - Off-side.
1:15 of 1st period - Boone Jenner wins face-off versus Nathan MacKinnon in neutral zone.
1:24 of 1st period - Snap shot by Boone Jenner.
1:24 of 1st period - Shot Blocked by Aaron Ekblad.
1:40 of 1st period - Roman Josi is hit by Brandon Kozun and loses puck.
2:09 of 1st period - Snap shot by Corban Knight.
2:09 of 1st period - Stopped by Jason Missiaen without a rebound.
2:10 of 1st period - Sean Monahan wins face-off versus Brandon Kozun in Monarchs zone.
2:46 of 1st period - Snap shot by Nathan MacKinnon.
2:46 of 1st period - Stopped by Oscar Dansk with a rebound.
4:23 of 1st period - Mike Reilly is hit by Morgan Rielly and loses puck.
4:40 of 1st period - Wrist shot by Griffin Reinhart.
4:40 of 1st period - Stopped by Oscar Dansk with a rebound.
6:13 of 1st period - Snap shot by JT Compher.
6:13 of 1st period - Stopped by Oscar Dansk with a rebound.
6:47 of 1st period - Snap shot by Anthony Mantha.
6:47 of 1st period - Deflect By Tim Schaller.
6:47 of 1st period - Deflect By Corban Knight.
6:47 of 1st period - Shot Misses the Net.
6:47 of 1st period - Puck is out of play.
6:48 of 1st period - Corban Knight wins face-off versus Nathan MacKinnon in Ice Dragons zone.
7:12 of 1st period - Justin Shugg is hit by Anthony Mantha and loses puck.
7:33 of 1st period - Slapshot by Sean Monahan.
7:33 of 1st period - Stopped by Oscar Dansk without a rebound.
7:34 of 1st period - Sean Monahan wins face-off versus Brian Boyle in Ice Dragons zone.
7:38 of 1st period - Icing by Adam Clendening.
7:39 of 1st period - Sean Monahan wins face-off versus Brian Boyle in Ice Dragons zone.
7:42 of 1st period - Snap shot by Martin Frk.
7:42 of 1st period - Stopped by Oscar Dansk with a rebound.
7:44 of 1st period - Slapshot by Roman Josi.
7:44 of 1st period - Deflect By Brian Boyle.
7:44 of 1st period - Stopped by Oscar Dansk with a rebound.
7:46 of 1st period - Slapshot by Aaron Ekblad.
7:46 of 1st period - Shot Blocked by Robin Norell.
7:48 of 1st period - Slapshot by Roman Josi.
7:48 of 1st period - Shot Blocked by Adam Clendening.
7:50 of 1st period - Wrist shot by JT Compher.
7:50 of 1st period - Shot Misses the Net.
7:52 of 1st period - Wrist shot by Sean Monahan.
7:52 of 1st period - Stopped by Oscar Dansk with a rebound.
7:54 of 1st period - Snap shot by JT Compher.
7:54 of 1st period - Stopped by Oscar Dansk without a rebound.
7:55 of 1st period - Boone Jenner wins face-off versus Anthony Mantha in Ice Dragons zone.
8:16 of 1st period - Minor Penalty to Nathan MacKinnon for Hooking.
8:17 of 1st period - Jordan LaVallee wins face-off versus Joel Vermin in Monarchs zone.
10:16 of 1st period - Penalty to Nathan MacKinnon is over, Nathan MacKinnon is back on ice.
11:11 of 1st period - Minor Penalty to Logan MacMillan for Tripping.
11:12 of 1st period - Nathan MacKinnon wins face-off versus Jordan LaVallee in Ice Dragons zone.
11:19 of 1st period - Slapshot by Nathan MacKinnon.
11:19 of 1st period - Stopped by Oscar Dansk without a rebound.
11:20 of 1st period - Jordan LaVallee wins face-off versus Nathan MacKinnon in Ice Dragons zone.
11:55 of 1st period - Wrist shot by Sean Monahan.
11:55 of 1st period - Goal by Sean Monahan - Monarchs : 2 - Ice Dragons : 0.
11:56 of 1st period - Brian Boyle wins face-off versus Sean Monahan in neutral zone.
12:21 of 1st period - Mark Pysyk is hit by Kevin Connauton.
12:27 of 1st period - Brayden McNabb is hit by JT Compher and loses puck.
14:02 of 1st period - Brendan Lemieux is hit by Brandon Kozun and loses puck.
14:13 of 1st period - Wrist shot by Sean Monahan.
14:13 of 1st period - Shot Misses the Net.
14:40 of 1st period - Icing by Justin Shugg.
14:41 of 1st period - Boone Jenner wins face-off versus Chase De Leo in Ice Dragons zone.
14:48 of 1st period - Mark Pysyk is hit by Billy Sweat and loses puck.
15:33 of 1st period - Slapshot by Mike Reilly.
15:33 of 1st period - Stopped by Jason Missiaen with a rebound.
16:07 of 1st period - Snap shot by Nicolas Deslauriers.
16:07 of 1st period - Shot Misses the Net.
16:09 of 1st period - Slapshot by Nicolas Deslauriers.
16:09 of 1st period - Shot Misses the Net.
16:11 of 1st period - Slapshot by Chase De Leo.
16:11 of 1st period - Stopped by Oscar Dansk without a rebound.
16:12 of 1st period - Brian Boyle wins face-off versus Chase De Leo in Ice Dragons zone.
16:12 of 1st period - Brian Boyle is hit by Roman Josi.
16:38 of 1st period - Nicolas Deslauriers is hit by Boone Jenner and loses puck.
16:49 of 1st period - Off-side.
16:50 of 1st period - Sean Monahan wins face-off versus Corban Knight in neutral zone.
17:06 of 1st period - Icing by Martin Frk.
17:07 of 1st period - Sean Monahan wins face-off versus Brian Boyle in Monarchs zone.
17:16 of 1st period - Snap shot by Martin Frk.
17:16 of 1st period - Goal by Martin Frk - Monarchs : 3 - Ice Dragons : 0.
17:17 of 1st period - Brian Boyle wins face-off versus Nathan MacKinnon in neutral zone.
17:43 of 1st period - Sean Monahan is hit by Brayden McNabb and loses puck.
17:52 of 1st period - Wrist shot by Billy Sweat.
17:52 of 1st period - Shot Blocked by Aaron Ekblad.
17:54 of 1st period - Snap shot by Adam Clendening.
17:54 of 1st period - Stopped by Jason Missiaen with a rebound.
18:09 of 1st period - Off-side.
18:10 of 1st period - Corban Knight wins face-off versus Curtis Lazar in neutral zone.
18:39 of 1st period - Backhand shot by Curtis Lazar.
18:39 of 1st period - Deflect By Brendan Lemieux.
18:39 of 1st period - Stopped by Oscar Dansk with a rebound.
18:46 of 1st period - Off-side.
18:47 of 1st period - Nathan MacKinnon wins face-off versus Brian Boyle in neutral zone.
18:50 of 1st period - Alex Plante is hit by Nathan MacKinnon and loses puck.
18:58 of 1st period - Icing by Brandon Kozun.
18:59 of 1st period - Nathan MacKinnon wins face-off versus Brian Boyle in Ice Dragons zone.
19:08 of 1st period - Off-side.
19:09 of 1st period - Nathan MacKinnon wins face-off versus Brian Boyle in neutral zone.
19:12 of 1st period - Snap shot by Anthony Mantha.
19:12 of 1st period - Shot Misses the Net.
19:24 of 1st period - Slapshot by Mark Pysyk.
19:24 of 1st period - Deflect By Nathan MacKinnon.
19:24 of 1st period - Shot Misses the Net.
19:24 of 1st period - Puck is out of play.
19:25 of 1st period - Boone Jenner wins face-off versus Sean Monahan in Ice Dragons zone.
Goals for this period are 3 for Monarchs vs 0 for Ice Dragons.
Shots for this period are 16 for Monarchs vs 5 for Ice Dragons.
2nd period
0:01 of 2nd period - Brian Boyle wins face-off versus Sean Monahan in neutral zone.
0:45 of 2nd period - Icing by Nathan MacKinnon.
0:46 of 2nd period - Brendan Lemieux wins face-off versus Logan MacMillan in Monarchs zone.
1:01 of 2nd period - Snap shot by Corban Knight.
1:01 of 2nd period - Shot Misses the Net.
1:15 of 2nd period - Robin Norell is hit by Aaron Ekblad and loses puck.
1:40 of 2nd period - Wrist shot by Phil Di Giuseppe.
1:40 of 2nd period - Shot Misses the Net.
2:03 of 2nd period - Slapshot by Boone Jenner.
2:03 of 2nd period - Stopped by Jason Missiaen with a rebound.
2:17 of 2nd period - Tony DeAngelo is hit by Corban Knight and loses puck.
2:36 of 2nd period - Brandon Kozun is hit by Martin Frk and loses puck.
2:43 of 2nd period - Slapshot by Sean Monahan.
2:43 of 2nd period - Shot Misses the Net.
2:45 of 2nd period - Backhand shot by JT Compher.
2:45 of 2nd period - Goal by JT Compher - Monarchs : 4 - Ice Dragons : 0.
2:45 of 2nd period - Harru Sateri enters game.
2:46 of 2nd period - Brian Boyle wins face-off versus Nathan MacKinnon in neutral zone.
2:53 of 2nd period - Slapshot by Jordan LaVallee.
2:53 of 2nd period - Stopped by Jason Missiaen with a rebound.
3:11 of 2nd period - JT Compher is hit by Justin Shugg and loses puck.
3:27 of 2nd period - Icing by Brendan Lemieux.
3:28 of 2nd period - Curtis Lazar wins face-off versus Jordan LaVallee in Monarchs zone.
3:41 of 2nd period - Slapshot by Oliver Bjorkstrand.
3:41 of 2nd period - Shot Blocked by Kevin Connauton.
3:56 of 2nd period - Off-side.
3:57 of 2nd period - Nathan MacKinnon wins face-off versus Boone Jenner in neutral zone.
4:02 of 2nd period - Billy Sweat is hit by Anthony Mantha and loses puck.
4:21 of 2nd period - Wrist shot by Billy Sweat.
4:21 of 2nd period - Stopped by Jason Missiaen with a rebound.
4:23 of 2nd period - Slapshot by Justin Shugg.
4:23 of 2nd period - Stopped by Jason Missiaen with a rebound.
4:25 of 2nd period - Snap shot by Kevin Connauton.
4:25 of 2nd period - Stopped by Jason Missiaen with a rebound.
4:27 of 2nd period - Wrist shot by Billy Sweat.
4:27 of 2nd period - Shot Misses the Net.
4:29 of 2nd period - Snap shot by Billy Sweat.
4:29 of 2nd period - Stopped by Jason Missiaen with a rebound.
4:31 of 2nd period - Slapshot by Kevin Connauton.
4:31 of 2nd period - Stopped by Jason Missiaen without a rebound.
4:32 of 2nd period - Brian Boyle wins face-off versus Sean Monahan in Monarchs zone.
5:03 of 2nd period - Slapshot by Chris Wagner.
5:03 of 2nd period - Deflect By Logan MacMillan.
5:03 of 2nd period - Shot Blocked by Curtis Lazar.
5:03 of 2nd period - Puck is out of play.
5:04 of 2nd period - Nathan MacKinnon wins face-off versus Brian Boyle in Monarchs zone.
5:11 of 2nd period - Snap shot by Tim Schaller.
5:11 of 2nd period - Shot Misses the Net.
5:13 of 2nd period - Wrist shot by Tim Schaller.
5:13 of 2nd period - Goal by Tim Schaller - Monarchs : 5 - Ice Dragons : 0.
5:14 of 2nd period - Sean Monahan wins face-off versus Brandon Kozun in neutral zone.
5:35 of 2nd period - Minor Penalty to Brian Boyle for Hooking.
5:36 of 2nd period - Anthony Mantha wins face-off versus Jordan LaVallee in Ice Dragons zone.
5:55 of 2nd period - Aaron Ekblad is hit by Brayden McNabb and loses puck.
6:14 of 2nd period - Snap shot by Sean Monahan.
6:14 of 2nd period - Stopped by Harru Sateri without a rebound.
6:15 of 2nd period - William Carrier wins face-off versus Sean Monahan in Ice Dragons zone.
6:15 of 2nd period - William Carrier is hit by Brendan Lemieux.
7:35 of 2nd period - Penalty to Brian Boyle is over, Brian Boyle is back on ice.
7:45 of 2nd period - Snap shot by Billy Sweat.
7:45 of 2nd period - Stopped by Jason Missiaen without a rebound.
7:46 of 2nd period - Chase De Leo wins face-off versus Boone Jenner in Monarchs zone.
8:11 of 2nd period - Robin Norell is hit by Jeff Petry and loses puck.
8:32 of 2nd period - Wrist shot by Tim Schaller.
8:32 of 2nd period - Shot Misses the Net.
9:30 of 2nd period - Slapshot by Boone Jenner.
9:30 of 2nd period - Stopped by Jason Missiaen without a rebound.
9:31 of 2nd period - Boone Jenner wins face-off versus JT Compher in Monarchs zone.
9:56 of 2nd period - Oliver Bjorkstrand is hit by Corban Knight and loses puck.
10:01 of 2nd period - Snap shot by Corban Knight.
10:01 of 2nd period - Shot Hit the Post.
10:03 of 2nd period - Snap shot by Chris Wagner.
10:03 of 2nd period - Shot Blocked by Mark Pysyk.
10:05 of 2nd period - Slapshot by Robin Norell.
10:05 of 2nd period - Shot Blocked by Mark Pysyk.
11:12 of 2nd period - Icing by Curtis Lazar.
11:13 of 2nd period - Curtis Lazar wins face-off versus Corban Knight in Monarchs zone.
11:29 of 2nd period - Wrist shot by Brendan Lemieux.
11:29 of 2nd period - Shot Misses the Net.
13:01 of 2nd period - Boone Jenner is hit by JT Compher and loses puck.
13:47 of 2nd period - Wrist shot by Nicolas Deslauriers.
13:47 of 2nd period - Goal by Nicolas Deslauriers - Monarchs : 6 - Ice Dragons : 0.
13:48 of 2nd period - Sean Monahan wins face-off versus Justin Shugg in neutral zone.
14:03 of 2nd period - Slapshot by Kevin Connauton.
14:03 of 2nd period - Deflect By Billy Sweat.
14:03 of 2nd period - Shot Misses the Net.
14:03 of 2nd period - Puck is out of play.
14:04 of 2nd period - Jordan LaVallee wins face-off versus Nathan MacKinnon in Monarchs zone.
14:08 of 2nd period - Wrist shot by Brandon Kozun.
14:08 of 2nd period - Shot Misses the Net.
14:10 of 2nd period - Snap shot by Brandon Kozun.
14:10 of 2nd period - Deflect By Brian Boyle.
14:10 of 2nd period - Shot Blocked by Aaron Ekblad.
14:10 of 2nd period - Puck is out of play.
14:11 of 2nd period - Nathan MacKinnon wins face-off versus Brian Boyle in Monarchs zone.
14:11 of 2nd period - Nathan MacKinnon is hit by Brayden McNabb.
14:39 of 2nd period - Wrist shot by Logan MacMillan.
14:39 of 2nd period - Stopped by Jason Missiaen with a rebound.
14:57 of 2nd period - Minor Penalty to Anthony Mantha for Hooking.
14:58 of 2nd period - Joel Vermin wins face-off versus Brian Boyle in Monarchs zone.
15:31 of 2nd period - Snap shot by Billy Sweat.
15:31 of 2nd period - Shot Misses the Net.
15:33 of 2nd period - Snap shot by Justin Shugg.
15:33 of 2nd period - Goal by Justin Shugg - Monarchs : 6 - Ice Dragons : 1.
15:34 of 2nd period - Sean Monahan wins face-off versus Brian Boyle in neutral zone.
15:59 of 2nd period - Martin Frk is hit by Kevin Connauton and loses puck.
16:44 of 2nd period - Snap shot by Brian Boyle.
16:44 of 2nd period - Stopped by Jason Missiaen with a rebound.
16:46 of 2nd period - Slapshot by Brian Boyle.
16:46 of 2nd period - Stopped by Jason Missiaen with a rebound.
16:48 of 2nd period - Wrist shot by Jordan LaVallee.
16:48 of 2nd period - Stopped by Jason Missiaen with a rebound.
16:50 of 2nd period - Wrist shot by Brian Boyle.
16:50 of 2nd period - Stopped by Jason Missiaen without a rebound.
16:51 of 2nd period - Boone Jenner wins face-off versus Curtis Lazar in Monarchs zone.
16:57 of 2nd period - Minor Penalty to Oliver Bjorkstrand for Holding Stick.
16:58 of 2nd period - Brian Boyle wins face-off versus Joel Vermin in Monarchs zone.
17:10 of 2nd period - Wrist shot by Jordan LaVallee.
17:10 of 2nd period - Stopped by Jason Missiaen without a rebound.
17:11 of 2nd period - Brian Boyle wins face-off versus Nicolas Deslauriers in Monarchs zone.
18:57 of 2nd period - Penalty to Oliver Bjorkstrand is over, Oliver Bjorkstrand is back on ice.
19:02 of 2nd period - Slapshot by Brayden McNabb.
19:02 of 2nd period - Shot Misses the Net.
19:04 of 2nd period - Snap shot by Chris Wagner.
19:04 of 2nd period - Deflect By Logan MacMillan.
19:04 of 2nd period - Stopped by Jason Missiaen with a rebound.
19:06 of 2nd period - Wrist shot by Logan MacMillan.
19:06 of 2nd period - Stopped by Jason Missiaen without a rebound.
19:07 of 2nd period - Corban Knight wins face-off versus Sean Monahan in Monarchs zone.
19:19 of 2nd period - Off-side.
19:20 of 2nd period - Sean Monahan wins face-off versus Boone Jenner in neutral zone.
19:33 of 2nd period - Snap shot by Boone Jenner.
19:33 of 2nd period - Stopped by Jason Missiaen without a rebound.
19:34 of 2nd period - Nathan MacKinnon wins face-off versus Jordan LaVallee in Monarchs zone.
Goals for this period are 3 for Monarchs vs 1 for Ice Dragons.
Shots for this period are 4 for Monarchs vs 19 for Ice Dragons.
3rd period
0:01 of 3rd period - Nathan MacKinnon wins face-off versus Brian Boyle in neutral zone.
0:03 of 3rd period - Off-side.
0:04 of 3rd period - Brian Boyle wins face-off versus Nathan MacKinnon in neutral zone.
0:11 of 3rd period - Snap shot by Morgan Rielly.
0:11 of 3rd period - Stopped by Harru Sateri without a rebound.
0:12 of 3rd period - Sean Monahan wins face-off versus Brian Boyle in Ice Dragons zone.
0:37 of 3rd period - Oliver Bjorkstrand is hit by Boone Jenner and loses puck.
1:06 of 3rd period - Anthony Mantha is hit by Corban Knight and loses puck.
1:26 of 3rd period - Icing by Jordan LaVallee.
1:27 of 3rd period - Curtis Lazar wins face-off versus Phil Di Giuseppe in Ice Dragons zone.
1:36 of 3rd period - Wrist shot by Brendan Lemieux.
1:36 of 3rd period - Deflect By Curtis Lazar.
1:36 of 3rd period - Shot Misses the Net.
1:36 of 3rd period - Puck is out of play.
1:37 of 3rd period - Brian Boyle wins face-off versus Curtis Lazar in Ice Dragons zone.
2:33 of 3rd period - Snap shot by Logan MacMillan.
2:33 of 3rd period - Stopped by Jason Missiaen without a rebound.
2:34 of 3rd period - Brian Boyle wins face-off versus Curtis Lazar in Monarchs zone.
2:35 of 3rd period - Snap shot by Jordan LaVallee.
2:35 of 3rd period - Shot Misses the Net.
2:37 of 3rd period - Slapshot by Jordan LaVallee.
2:37 of 3rd period - Stopped by Jason Missiaen without a rebound.
2:38 of 3rd period - Brian Boyle wins face-off versus Curtis Lazar in Monarchs zone.
2:51 of 3rd period - Snap shot by Jordan LaVallee.
2:51 of 3rd period - Stopped by Jason Missiaen without a rebound.
2:52 of 3rd period - Sean Monahan wins face-off versus Brian Boyle in Monarchs zone.
2:57 of 3rd period - Sean Monahan is hit by Brayden McNabb and loses puck.
3:06 of 3rd period - Wrist shot by Brian Boyle.
3:06 of 3rd period - Stopped by Jason Missiaen with a rebound.
3:18 of 3rd period - Tim Schaller is hit by Brayden McNabb and loses puck.
3:47 of 3rd period - Off-side.
3:48 of 3rd period - Sean Monahan wins face-off versus Corban Knight in neutral zone.
3:55 of 3rd period - Slapshot by Martin Frk.
3:55 of 3rd period - Stopped by Harru Sateri without a rebound.
3:56 of 3rd period - Sean Monahan wins face-off versus Brian Boyle in Ice Dragons zone.
4:03 of 3rd period - Wrist shot by Martin Frk.
4:03 of 3rd period - Stopped by Harru Sateri with a rebound.
4:07 of 3rd period - Snap shot by Sean Monahan.
4:07 of 3rd period - Goal by Sean Monahan - Monarchs : 7 - Ice Dragons : 1.
4:08 of 3rd period - Nathan MacKinnon wins face-off versus Brian Boyle in neutral zone.
4:33 of 3rd period - Nathan MacKinnon is hit by Corban Knight and loses puck.
4:58 of 3rd period - Backhand shot by Sean Monahan.
4:58 of 3rd period - Stopped by Harru Sateri without a rebound.
4:59 of 3rd period - Boone Jenner wins face-off versus Sean Monahan in Ice Dragons zone.
5:12 of 3rd period - Snap shot by Billy Sweat.
5:12 of 3rd period - Shot Misses the Net.
5:45 of 3rd period - Wrist shot by Boone Jenner.
5:45 of 3rd period - Stopped by Jason Missiaen with a rebound.
5:47 of 3rd period - Backhand shot by Kevin Connauton.
5:47 of 3rd period - Shot Misses the Net.
5:49 of 3rd period - Slapshot by Brayden McNabb.
5:49 of 3rd period - Deflect By Boone Jenner.
5:49 of 3rd period - Shot Blocked by Roman Josi.
5:49 of 3rd period - Puck is out of play.
5:50 of 3rd period - Nathan MacKinnon wins face-off versus Brian Boyle in Monarchs zone.
5:50 of 3rd period - Nathan MacKinnon is hit by Brandon Kozun.
6:16 of 3rd period - Jordan LaVallee is hit by Mark Pysyk and loses puck.
6:21 of 3rd period - Wrist shot by Nicolas Deslauriers.
6:21 of 3rd period - Deflect By Chase De Leo.
6:21 of 3rd period - Stopped by Harru Sateri without a rebound.
6:22 of 3rd period - Corban Knight wins face-off versus Chase De Leo in Ice Dragons zone.
6:28 of 3rd period - Off-side.
6:29 of 3rd period - Corban Knight wins face-off versus Curtis Lazar in neutral zone.
6:41 of 3rd period - Icing by Morgan Rielly.
6:42 of 3rd period - Curtis Lazar wins face-off versus Brian Boyle in Monarchs zone.
7:03 of 3rd period - Minor Penalty to Brayden McNabb for Interference.
7:04 of 3rd period - Nathan MacKinnon wins face-off versus Brian Boyle in Ice Dragons zone.
7:14 of 3rd period - Snap shot by Anthony Mantha.
7:14 of 3rd period - Shot Misses the Net.
7:16 of 3rd period - Backhand shot by Tony DeAngelo.
7:16 of 3rd period - Shot Misses the Net.
8:04 of 3rd period - Morgan Rielly is hit by Corban Knight and loses puck.
8:29 of 3rd period - Robin Norell is hit by Anthony Mantha.
9:01 of 3rd period - Snap shot by Boone Jenner.
9:01 of 3rd period - Stopped by Jason Missiaen without a rebound.
9:02 of 3rd period - Joel Vermin wins face-off versus Boone Jenner in Monarchs zone.
9:03 of 3rd period - Penalty to Brayden McNabb is over, Brayden McNabb is back on ice.
9:15 of 3rd period - Slapshot by Tim Schaller.
9:15 of 3rd period - Stopped by Harru Sateri with a rebound.
9:17 of 3rd period - Snap shot by Jeff Petry.
9:17 of 3rd period - Shot Blocked by Robin Norell.
9:19 of 3rd period - Slapshot by Jeff Petry.
9:19 of 3rd period - Shot Misses the Net.
9:21 of 3rd period - Wrist shot by Joel Vermin.
9:21 of 3rd period - Shot Misses the Net.
9:23 of 3rd period - Wrist shot by Tim Schaller.
9:23 of 3rd period - Shot Misses the Net.
9:25 of 3rd period - Backhand shot by Martin Frk.
9:25 of 3rd period - Shot Misses the Net.
9:47 of 3rd period - Snap shot by Tim Schaller.
9:47 of 3rd period - Stopped by Harru Sateri with a rebound.
9:49 of 3rd period - Wrist shot by Morgan Rielly.
9:49 of 3rd period - Stopped by Harru Sateri with a rebound.
9:51 of 3rd period - Slapshot by Morgan Rielly.
9:51 of 3rd period - Shot Blocked by Robin Norell.
9:53 of 3rd period - Snap shot by Joel Vermin.
9:53 of 3rd period - Stopped by Harru Sateri with a rebound.
9:55 of 3rd period - Snap shot by Aaron Ekblad.
9:55 of 3rd period - Shot Blocked by Robin Norell.
9:57 of 3rd period - Snap shot by Aaron Ekblad.
9:57 of 3rd period - Deflect By Martin Frk.
9:57 of 3rd period - Shot Blocked by Robin Norell.
9:57 of 3rd period - Puck is out of play.
9:58 of 3rd period - Brian Boyle wins face-off versus Curtis Lazar in Ice Dragons zone.
9:58 of 3rd period - Brian Boyle is hit by Oliver Bjorkstrand.
10:26 of 3rd period - Wrist shot by JT Compher.
10:26 of 3rd period - Stopped by Harru Sateri with a rebound.
11:20 of 3rd period - Snap shot by Sean Monahan.
11:20 of 3rd period - Stopped by Harru Sateri without a rebound.
11:21 of 3rd period - Sean Monahan wins face-off versus Sam Carrick in Ice Dragons zone.
11:27 of 3rd period - Off-side.
11:28 of 3rd period - Logan MacMillan wins face-off versus Sean Monahan in neutral zone.
11:38 of 3rd period - Wrist shot by Martin Frk.
11:38 of 3rd period - Shot Misses the Net.
11:40 of 3rd period - Wrist shot by JT Compher.
11:40 of 3rd period - Stopped by Harru Sateri with a rebound.
11:42 of 3rd period - Slapshot by Morgan Rielly.
11:42 of 3rd period - Shot Blocked by Chris Wagner.
11:44 of 3rd period - Snap shot by Martin Frk.
11:44 of 3rd period - Shot Misses the Net.
12:16 of 3rd period - Snap shot by Curtis Lazar.
12:16 of 3rd period - Goal by Curtis Lazar - Monarchs : 8 - Ice Dragons : 1.
12:17 of 3rd period - Brian Boyle wins face-off versus Sean Monahan in neutral zone.
12:48 of 3rd period - Snap shot by Boone Jenner.
12:48 of 3rd period - Stopped by Jason Missiaen without a rebound.
12:49 of 3rd period - Curtis Lazar wins face-off versus Boone Jenner in Monarchs zone.
12:58 of 3rd period - Snap shot by Billy Sweat.
12:58 of 3rd period - Shot Misses the Net.
13:06 of 3rd period - Snap shot by Boone Jenner.
13:06 of 3rd period - Shot Blocked by Oliver Bjorkstrand.
13:16 of 3rd period - Snap shot by Boone Jenner.
13:16 of 3rd period - Stopped by Jason Missiaen with a rebound.
13:18 of 3rd period - Wrist shot by Billy Sweat.
13:18 of 3rd period - Stopped by Jason Missiaen without a rebound.
13:19 of 3rd period - Brian Boyle wins face-off versus Sean Monahan in Monarchs zone.
13:38 of 3rd period - Sean Monahan is hit by Jordan LaVallee and loses puck.
14:57 of 3rd period - Slapshot by Griffin Reinhart.
14:57 of 3rd period - Shot Misses the Net.
14:59 of 3rd period - Slapshot by Griffin Reinhart.
14:59 of 3rd period - Stopped by Harru Sateri with a rebound.
15:07 of 3rd period - Slapshot by Brendan Lemieux.
15:07 of 3rd period - Deflect By Oliver Bjorkstrand.
15:07 of 3rd period - Stopped by Harru Sateri without a rebound.
15:08 of 3rd period - Sean Monahan wins face-off versus Brian Boyle in Ice Dragons zone.
15:09 of 3rd period - Slapshot by Mark Pysyk.
15:09 of 3rd period - Deflect By JT Compher.
15:09 of 3rd period - Shot Misses the Net.
15:09 of 3rd period - Puck is out of play.
15:10 of 3rd period - Brian Boyle wins face-off versus Sean Monahan in Ice Dragons zone.
15:23 of 3rd period - Brandon Kozun is hit by JT Compher and loses puck.
15:46 of 3rd period - Snap shot by Nicolas Deslauriers.
15:46 of 3rd period - Stopped by Harru Sateri with a rebound.
15:48 of 3rd period - Slapshot by Morgan Rielly.
15:48 of 3rd period - Stopped by Harru Sateri without a rebound.
15:49 of 3rd period - Sean Monahan wins face-off versus Boone Jenner in Ice Dragons zone.
16:17 of 3rd period - Icing by Mike Reilly.
16:18 of 3rd period - Logan MacMillan wins face-off versus Nathan MacKinnon in Ice Dragons zone.
17:23 of 3rd period - Snap shot by Sean Monahan.
17:23 of 3rd period - Stopped by Harru Sateri with a rebound.
17:25 of 3rd period - Snap shot by Aaron Ekblad.
17:25 of 3rd period - Deflect By Chris Wagner.
17:25 of 3rd period - Stopped by Harru Sateri without a rebound.
17:26 of 3rd period - Nathan MacKinnon wins face-off versus Brian Boyle in Ice Dragons zone.
17:37 of 3rd period - Snap shot by Brian Boyle.
17:37 of 3rd period - Deflect By Jordan LaVallee.
17:37 of 3rd period - Shot Misses the Net.
17:37 of 3rd period - Puck is out of play.
17:38 of 3rd period - Brian Boyle wins face-off versus Nathan MacKinnon in Monarchs zone.
17:43 of 3rd period - Snap shot by Brandon Kozun.
17:43 of 3rd period - Stopped by Jason Missiaen with a rebound.
17:45 of 3rd period - Slapshot by Alex Plante.
17:45 of 3rd period - Stopped by Jason Missiaen with a rebound.
17:47 of 3rd period - Slapshot by Alex Plante.
17:47 of 3rd period - Stopped by Jason Missiaen with a rebound.
17:49 of 3rd period - Slapshot by Mike Reilly.
17:49 of 3rd period - Shot Blocked by Nathan MacKinnon.
17:51 of 3rd period - Slapshot by Alex Plante.
17:51 of 3rd period - Stopped by Jason Missiaen with a rebound.
17:53 of 3rd period - Snap shot by Alex Plante.
17:53 of 3rd period - Stopped by Jason Missiaen with a rebound.
17:59 of 3rd period - Minor Penalty to Roman Josi for Roughing.
18:00 of 3rd period - Brandon Kozun wins face-off versus Joel Vermin in Monarchs zone.
18:27 of 3rd period - Mark Pysyk is hit by Boone Jenner and loses puck.
19:54 of 3rd period - Justin Shugg is hit by Aaron Ekblad and loses puck.
19:59 of 3rd period - Penalty to Roman Josi is over, Roman Josi is back on ice.
Goals for this period are 2 for Monarchs vs 0 for Ice Dragons.
Shots for this period are 20 for Monarchs vs 14 for Ice Dragons.
Back to the Top